[Event "SixDays IM March 2024"]
[Site "Budapest"]
[Date "2024.03.30"]
[Round "1.1"]
[White "Radzimski, Antoni"]
[Black "Hesham, Abdelrahman"]
[Result "0-1"]
[ECO "D35"]
[WhiteElo "2197"]
[BlackElo "2366"]
[Annotator "RC"]
[PlyCount "110"]
[EventDate "2024.03.26"]
[EventType "tourn"]
[EventCountry "HUN"]
[SourceTitle "playchess.com"]
[Source "ChessBase"]
[SourceQuality "1"]
[TimeControl "5400+30"]

1. d4 d5 2. c4 e6 3. Nc3 Nf6 4. cxd5 exd5 5. Bg5 c6 6. e3 h6 7. Bh4 Be7 8. Bd3 O-O 9. Qc2 Nh5 10. Bxe7 Qxe7 11. Nge2 Nf6 12. O-O Re8 13. a3 Nbd7 14. b4 Nb6 15. Rab1 Nc4 16. Bxc4 dxc4 17. Ng3 h5 18. Rfe1 h4 19. Nf5 Bxf5 20. Qxf5 Rad8 21. h3 b5 22. a4 a5 23. Qc5 Qxc5 24. dxc5 axb4 25. Rxb4 Rd3 26. Rc1 Rxc3 27. Rxc3 Nd5 28. axb5 cxb5 29. Rcxc4 bxc4 30. Rxc4 g5 31. Rd4 Nc7 32. f4 gxf4 33. exf4 Re1+ 34. Kf2 Rc1 35. f5 Rxc5 36. Rxh4 Rxf5+ 37. Kg3 Kg7 38. Ra4 Ne6 39. Rb4 Rd5 40. Ra4 Kg6 41. Ra3 Rd2 42. Rb3 Nd4 43. Rb6+ Kg5 44. h4+ Kf5 45. Ra6 Rd3+ 46. Kh2 Ne6 47. Ra7 f6 48. Ra6 Nf4 49. g3 Rd2+ 50. Kh1 Nh5 51. Ra4 Nxg3+ 52. Kg1 Rd4 53. Ra5+ Kg4 54. Ra6 Rd2 55. Rxf6 Kh3 0-1

[Event "SixDays IM March 2024"]
[Site "Budapest"]
[Date "2024.03.30"]
[Round "1.2"]
[White "Advaitt Srikant Koduri"]
[Black "Horvath, David"]
[Result "0-1"]
[ECO "D02"]
[WhiteElo "2125"]
[BlackElo "2330"]
[Annotator "RC"]
[PlyCount "74"]
[EventDate "2024.03.26"]
[EventType "tourn"]
[EventCountry "HUN"]
[SourceTitle "playchess.com"]
[Source "ChessBase"]
[SourceQuality "1"]
[TimeControl "5400+30"]

1. Nf3 Nf6 2. d4 d5 3. Bf4 c5 4. c3 Nc6 5. e3 Qb6 6. Qc2 Nh5 7. Be5 f6 8. Bg3 cxd4 9. exd4 e5 10. dxe5 Nxg3 11. hxg3 fxe5 12. Be2 Bc5 13. O-O e4 14. Nh2 O-O 15. Bh5 Ne5 16. b4 Bxf2+ 17. Rxf2 Nd3 18. Bf3 Bf5 19. Bh5 Bg6 20. Bf3 exf3 21. Nxf3 Rac8 22. a4 Qxf2+ 23. Qxf2 Nxf2 24. Kxf2 Bxb1 25. Rxb1 Rxc3 26. Rd1 Rd8 27. Rd4 Rc4 28. Ke3 Re8+ 29. Kd3 Rxd4+ 30. Nxd4 Re4 31. a5 Kf7 32. b5 b6 33. a6 Rxd4+ 34. Kxd4 Ke6 35. g4 h6 36. Ke3 Ke5 37. g3 d4+ 0-1

[Event "SixDays IM March 2024"]
[Site "Budapest"]
[Date "2024.03.30"]
[Round "1.3"]
[White "Demeter, Dorina"]
[Black "Miszler, Levente"]
[Result "1/2-1/2"]
[ECO "A06"]
[WhiteElo "2296"]
[BlackElo "2287"]
[Annotator "RC"]
[PlyCount "99"]
[EventDate "2024.03.26"]
[EventType "tourn"]
[EventCountry "HUN"]
[SourceTitle "playchess.com"]
[Source "ChessBase"]
[SourceQuality "1"]
[TimeControl "5400+30"]

1. Nf3 d5 2. e3 Nc6 3. d4 Bg4 4. Bb5 Qd7 5. Nbd2 a6 6. Bxc6 Qxc6 7. c3 f6 8. Qb3 e6 9. O-O Bd6 10. h3 Bh5 11. Re1 Ne7 12. a4 e5 13. dxe5 fxe5 14. e4 O-O-O 15. Ng5 h6 16. exd5 Nxd5 17. Nge4 Nf4 18. Qc4 Ne2+ 19. Kh1 Qxc4 20. Nxc4 Nxc1 21. Raxc1 Bf7 22. b3 b5 23. axb5 axb5 24. Ncxd6+ cxd6 25. Ra1 Bd5 26. Ra5 Bc6 27. f3 Kc7 28. Rea1 Ra8 29. Ra7+ Bb7 30. Ng3 Rxa7 31. Rxa7 Kb6 32. Ra1 Rc8 33. Ne2 d5 34. Kg1 Ra8 35. Rxa8 Bxa8 36. b4 Bc6 37. Kf2 Kc7 38. Ke3 Kd6 39. f4 e4 40. Kd4 Bd7 41. Nc1 Be8 42. Nb3 h5 43. Nd2 Bd7 44. Nf1 Be6 45. Ne3 g6 46. g3 Bf7 47. h4 Be6 48. Nd1 Bg4 49. Ne3 Be6 50. Nd1 1/2-1/2

[Event "SixDays IM March 2024"]
[Site "Budapest"]
[Date "2024.03.30"]
[Round "1.4"]
[White "Gu, Crystal Jiuzhou"]
[Black "Krizsany, Laszlo"]
[Result "0-1"]
[ECO "B00"]
[WhiteElo "2059"]
[BlackElo "2341"]
[Annotator "RC"]
[PlyCount "66"]
[EventDate "2024.03.26"]
[EventType "tourn"]
[EventCountry "HUN"]
[SourceTitle "playchess.com"]
[Source "ChessBase"]
[SourceQuality "1"]
[TimeControl "5400+30"]

1. e4 b6 2. d4 Bb7 3. Bd3 e6 4. Nf3 c5 5. d5 Nf6 6. c4 b5 7. Nc3 b4 8. Ne2 d6 9. b3 Be7 10. Bb2 e5 11. Nd2 Nbd7 12. Ng3 g6 13. Rf1 h5 14. f4 Ng4 15. Qe2 Nxh2 16. Rh1 Bh4 17. Qe3 Ng4 18. Qf3 exf4 19. Qxf4 Nde5 20. Bxe5 Nxe5 21. Be2 Bg5 22. Qf2 Qe7 23. Kd1 Bc8 24. Kc2 Qf6 25. Qxf6 Bxf6 26. Raf1 Ke7 27. Rf2 a5 28. Bf3 a4 29. Ne2 axb3+ 30. axb3 Ra2+ 31. Kd1 Ra1+ 32. Nc1 Nd3 33. Rff1 Rxc1+ 0-1

[Event "SixDays IM March 2024"]
[Site "Budapest"]
[Date "2024.03.30"]
[Round "1.5"]
[White "Toth-Goczo, Melinda"]
[Black "Mouhamad, Joachim"]
[Result "0-1"]
[ECO "D35"]
[WhiteElo "2189"]
[BlackElo "2278"]
[Annotator "RC"]
[PlyCount "90"]
[EventDate "2024.03.26"]
[EventType "tourn"]
[EventCountry "HUN"]
[SourceTitle "playchess.com"]
[Source "ChessBase"]
[SourceQuality "1"]
[TimeControl "5400+30"]

1. d4 d5 2. c4 e6 3. Nc3 Nf6 4. cxd5 exd5 5. Bg5 Be7 6. e3 h6 7. Bh4 Bg4 8. Nf3 O-O 9. h3 Bxf3 10. Qxf3 Nbd7 11. Bd3 c6 12. O-O Re8 13. Rab1 a5 14. Bg3 Nf8 15. Be5 Ng6 16. Bxg6 fxg6 17. a3 Kh7 18. Rfc1 Nd7 19. Bg3 Nb6 20. Qd1 Nc4 21. a4 Bd6 22. Bxd6 Nxd6 23. Qd3 Qg5 24. b4 axb4 25. Rxb4 Re7 26. Rcb1 Rf8 27. Ne2 Rff7 28. Nf4 Ne4 29. Qc2 Qf5 30. R1b2 Nd6 31. Qxf5 gxf5 32. Nd3 Nc4 33. Rb1 g5 34. g3 Kg7 35. Nc5 Nd6 36. Nd3 Kf6 37. Nc5 f4 38. exf4 gxf4 39. g4 h5 40. Kg2 Kg5 41. gxh5 Kxh5 42. Nd3 f3+ 43. Kf1 Nc4 44. Rd1 Re4 45. Re1 Rxd4 0-1

[Event "SixDays IM March 2024"]
[Site "Budapest"]
[Date "2024.03.31"]
[Round "2.1"]
[White "Hesham, Abdelrahman"]
[Black "Mouhamad, Joachim"]
[Result "1/2-1/2"]
[ECO "D35"]
[WhiteElo "2366"]
[BlackElo "2278"]
[Annotator "RC"]
[PlyCount "98"]
[EventDate "2024.03.26"]
[EventType "tourn"]
[EventCountry "HUN"]
[SourceTitle "playchess.com"]
[Source "ChessBase"]
[SourceQuality "1"]
[TimeControl "5400+30"]

1. d4 Nf6 2. c4 e6 3. Nc3 d5 4. cxd5 exd5 5. Bg5 Be7 6. e3 h6 7. Bh4 Bg4 8. Qc2 O-O 9. h3 Be6 10. Nf3 Nbd7 11. Bd3 c6 12. Bg3 c5 13. dxc5 Nxc5 14. Be5 Nxd3+ 15. Qxd3 Nd7 16. Bd4 Rc8 17. O-O Nc5 18. Qe2 Qa5 19. Rfd1 Rfd8 20. Ne5 Bd6 21. Qh5 Bf8 22. Nd3 Nxd3 23. Rxd3 b5 24. f4 f6 25. f5 Bf7 26. Qg4 Qa6 27. Rd2 Re8 28. Rf1 b4 29. Ne2 Re4 30. Nf4 Bc5 31. b3 Rxe3 32. Bxc5 Rxc5 33. Ne2 Re4 34. Rf4 Qb6 35. Kh1 Rc1+ 36. Kh2 Qc7 37. Qg3 Rc2 38. Rxe4 Qxg3+ 39. Nxg3 Rxd2 40. Rxb4 Rxa2 41. Rb8+ Kh7 42. Rf8 Bg8 43. Nh5 Rf2 44. Rd8 Rxf5 45. g4 Rg5 46. Rd7 d4 47. Nxf6+ Kh8 48. Nxg8 Kxg8 49. Rxd4 Rb5 1/2-1/2

[Event "SixDays IM March 2024"]
[Site "Budapest"]
[Date "2024.03.31"]
[Round "2.2"]
[White "Krizsany, Laszlo"]
[Black "Toth-Goczo, Melinda"]
[Result "1/2-1/2"]
[ECO "E73"]
[WhiteElo "2341"]
[BlackElo "2189"]
[Annotator "RC"]
[PlyCount "39"]
[EventDate "2024.03.26"]
[EventType "tourn"]
[EventCountry "HUN"]
[SourceTitle "playchess.com"]
[Source "ChessBase"]
[SourceQuality "1"]
[TimeControl "5400+30"]

1. d4 Nf6 2. c4 g6 3. Nc3 Bg7 4. e4 d6 5. Be2 O-O 6. Bg5 c5 7. d5 e6 8. Qd2 exd5 9. exd5 Qb6 10. Nf3 Bf5 11. Rd1 Ne4 12. Nxe4 Bxe4 13. b3 Bxf3 14. Bxf3 Re8+ 15. Be2 Qb4 16. O-O Qxd2 17. Rxd2 Nd7 18. Rb1 Bf6 19. Be3 a5 20. a4 1/2-1/2

[Event "SixDays IM March 2024"]
[Site "Budapest"]
[Date "2024.03.31"]
[Round "2.3"]
[White "Miszler, Levente"]
[Black "Gu, Crystal Jiuzhou"]
[Result "1-0"]
[ECO "D17"]
[WhiteElo "2287"]
[BlackElo "2059"]
[Annotator "RC"]
[PlyCount "73"]
[EventDate "2024.03.26"]
[EventType "tourn"]
[EventCountry "HUN"]
[SourceTitle "playchess.com"]
[Source "ChessBase"]
[SourceQuality "1"]
[TimeControl "5400+30"]

1. d4 d5 2. c4 c6 3. Nf3 Nf6 4. Nc3 dxc4 5. a4 Bf5 6. Nh4 e6 7. Nxf5 exf5 8. e3 Nbd7 9. Bxc4 Nb6 10. Bd3 Qd7 11. O-O Bd6 12. f3 Qc7 13. Bxf5 Bxh2+ 14. Kh1 Nh5 15. f4 Ng3+ 16. Kxh2 Nxf5 17. e4 Ne7 18. Kg1 Rd8 19. b3 a5 20. f5 Qd7 21. Be3 Nbc8 22. Qf3 Nd6 23. Ne2 Rb8 24. Ng3 g6 25. f6 Ng8 26. e5 Nc8 27. Ne4 Nb6 28. Nd6+ Kd8 29. Bd2 Ra8 30. Rac1 Nd5 31. Rc5 b6 32. Rxd5 cxd5 33. Qxd5 Rb8 34. Nxf7+ Ke8 35. Nd6+ Kd8 36. e6 Qc7 37. f7 1-0

[Event "SixDays IM March 2024"]
[Site "Budapest"]
[Date "2024.03.31"]
[Round "2.5"]
[White "Radzimski, Antoni"]
[Black "Advaitt Srikant Koduri"]
[Result "1-0"]
[ECO "B76"]
[WhiteElo "2197"]
[BlackElo "2125"]
[Annotator "RC"]
[PlyCount "75"]
[EventDate "2024.03.26"]
[EventType "tourn"]
[EventCountry "HUN"]
[SourceTitle "playchess.com"]
[Source "ChessBase"]
[SourceQuality "1"]
[TimeControl "5400+30"]

1. e4 c5 2. Nf3 d6 3. d4 cxd4 4. Nxd4 Nf6 5. Nc3 g6 6. Be3 Bg7 7. f3 O-O 8. Qd2 Nc6 9. O-O-O d5 10. exd5 Nxd5 11. Nxc6 bxc6 12. Bd4 Bxd4 13. Qxd4 Qb6 14. Na4 Qc7 15. Bc4 Rd8 16. Nc5 Bf5 17. Bb3 Nf4 18. Qf2 Rxd1+ 19. Rxd1 Rd8 20. Re1 Nd5 21. g3 h5 22. Qe2 a5 23. a3 Qa7 24. Qc4 e6 25. Kb1 Nb6 26. Qh4 Qc7 27. g4 hxg4 28. fxg4 Rd4 29. Qf6 Rxg4 30. Nxe6 fxe6 31. Bxe6+ Kh7 32. Bxf5 Nd5 33. Qe6 gxf5 34. Qxf5+ Rg6 35. Re6 Qg7 36. h4 Ne7 37. Qe4 Qf7 38. Rxe7 1-0

[Event "SixDays IM March 2024"]
[Site "Budapest"]
[Date "2024.03.31"]
[Round "3.1"]
[White "Advaitt Srikant Koduri"]
[Black "Hesham, Abdelrahman"]
[Result "0-1"]
[ECO "D02"]
[WhiteElo "2125"]
[BlackElo "2366"]
[Annotator "RC"]
[PlyCount "100"]
[EventDate "2024.03.26"]
[EventType "tourn"]
[EventCountry "HUN"]
[SourceTitle "playchess.com"]
[Source "ChessBase"]
[SourceQuality "1"]
[TimeControl "5400+30"]

1. Nf3 d5 2. d4 Nf6 3. Bf4 c5 4. c3 Nc6 5. e3 Nh5 6. Bg3 Qb6 7. Qc2 g6 8. Nbd2 Bf5 9. Qb3 c4 10. Qxb6 axb6 11. a3 b5 12. Rc1 f6 13. Nh4 Be6 14. Be2 Ng7 15. h3 g5 16. Nhf3 Nf5 17. Bh2 h5 18. O-O g4 19. hxg4 hxg4 20. Ne1 Kd7 21. Nc2 Bh6 22. Rfe1 Rag8 23. Nf1 Rh7 24. Rcd1 Nd6 25. Ra1 Bf5 26. Nb4 Nxb4 27. axb4 Rgh8 28. Bxd6 Bf4 29. Ng3 Bxd6 30. f4 gxf3 31. Nxf5 Bh2+ 32. Kf2 fxe2 33. Rxe2 Rg8 34. Ra7 Ke6 35. e4 dxe4 36. Nxe7 Bg3+ 37. Kg1 Rxe7 38. Rxe4+ Kf7 39. Rxe7+ Kxe7 40. Rxb7+ Ke6 41. Rxb5 Rg4 42. Ra5 Re4 43. Ra1 Re2 44. Rb1 Kd5 45. Kf1 Rf2+ 46. Kg1 Rd2 47. Rf1 Rxb2 48. Rxf6 Rc2 49. Kf1 Rxc3 50. Rg6 Re3 0-1

[Event "SixDays IM March 2024"]
[Site "Budapest"]
[Date "2024.03.31"]
[Round "3.2"]
[White "Demeter, Dorina"]
[Black "Radzimski, Antoni"]
[Result "1/2-1/2"]
[ECO "A17"]
[WhiteElo "2296"]
[BlackElo "2197"]
[Annotator "RC"]
[PlyCount "72"]
[EventDate "2024.03.26"]
[EventType "tourn"]
[EventCountry "HUN"]
[SourceTitle "playchess.com"]
[Source "ChessBase"]
[SourceQuality "1"]
[TimeControl "5400+30"]

1. Nf3 Nf6 2. c4 e6 3. Nc3 Bb4 4. Qc2 O-O 5. a3 Bxc3 6. Qxc3 d6 7. d4 c5 8. dxc5 dxc5 9. Bg5 Nbd7 10. Qc2 Qa5+ 11. Bd2 Qc7 12. Bc3 b6 13. e4 Bb7 14. Bd3 e5 15. O-O Rae8 16. Nh4 Nb8 17. Nf5 Nc6 18. Qd2 Ne7 19. Qg5 Nxf5 20. Qxf5 Qd6 21. Rad1 Qe6 22. Qxe6 Rxe6 23. f3 Rc8 24. Rd2 Kf8 25. Rfd1 Rd8 26. Bc2 Rxd2 27. Rxd2 Ke7 28. Ba4 Bc8 29. b4 Bd7 30. Bd1 Rd6 31. Rxd6 Kxd6 32. f4 Nxe4 33. Bxe5+ Ke7 34. Bb8 cxb4 35. axb4 a5 36. Bc2 Nd2 1/2-1/2

[Event "SixDays IM March 2024"]
[Site "Budapest"]
[Date "2024.03.31"]
[Round "3.3"]
[White "Gu, Crystal Jiuzhou"]
[Black "Horvath, David"]
[Result "0-1"]
[ECO "B06"]
[WhiteElo "2059"]
[BlackElo "2330"]
[Annotator "RC"]
[PlyCount "98"]
[EventDate "2024.03.26"]
[EventType "tourn"]
[EventCountry "HUN"]
[SourceTitle "playchess.com"]
[Source "ChessBase"]
[SourceQuality "1"]
[TimeControl "5400+30"]

1. e4 g6 2. d4 Bg7 3. Nf3 c6 4. c3 d5 5. exd5 cxd5 6. Bd3 Nc6 7. Bf4 Nf6 8. Nbd2 O-O 9. O-O Bf5 10. Bxf5 gxf5 11. Ne5 e6 12. Re1 Ne4 13. Nxe4 fxe4 14. Qh5 Nxe5 15. dxe5 f6 16. Bh6 Qe7 17. Bxg7 Kxg7 18. Re3 f5 19. Rh3 Kh8 20. Rd1 Rac8 21. Rd4 Qg7 22. Qh6 Qxh6 23. Rxh6 Rc6 24. c4 Kg7 25. Rh3 Rxc4 26. Rxc4 dxc4 27. Rc3 Rc8 28. f3 exf3 29. gxf3 f4 30. Rc2 Kg6 31. Rd2 Rc7 32. Kf2 Kf5 33. Re2 b5 34. a3 Rc5 35. Rd2 Rd5 36. Rc2 Kxe5 37. Ke2 Rd3 38. a4 a6 39. axb5 axb5 40. Kf2 Kd4 41. Ke2 e5 42. Rc1 b4 43. Ra1 Re3+ 44. Kf2 c3 45. bxc3+ bxc3 46. Ra7 c2 47. Rd7+ Kc3 48. Rc7+ Kd2 49. Rd7+ Rd3 0-1

[Event "SixDays IM March 2024"]
[Site "Budapest"]
[Date "2024.03.31"]
[Round "3.4"]
[White "Toth-Goczo, Melinda"]
[Black "Miszler, Levente"]
[Result "1-0"]
[ECO "D25"]
[WhiteElo "2189"]
[BlackElo "2287"]
[Annotator "RC"]
[PlyCount "71"]
[EventDate "2024.03.26"]
[EventType "tourn"]
[EventCountry "HUN"]
[SourceTitle "playchess.com"]
[Source "ChessBase"]
[SourceQuality "1"]
[TimeControl "5400+30"]

1. d4 d5 2. c4 dxc4 3. Nf3 Nf6 4. e3 Bg4 5. Bxc4 e6 6. h3 Bh5 7. O-O a6 8. Be2 Nc6 9. b3 Bd6 10. Bb2 Qe7 11. Ne5 Bxe2 12. Qxe2 Bxe5 13. dxe5 Nd7 14. Ba3 Nb4 15. Qc4 c5 16. Bxb4 cxb4 17. Qc7 Nc5 18. Qb6 Nd3 19. Nd2 O-O 20. Nc4 Rac8 21. Rad1 Rc6 22. Qd4 Nc5 23. Na5 Rb6 24. Nc4 Rc6 25. Na5 Rb6 26. Rd2 f6 27. Rc1 Rb5 28. Nc4 fxe5 29. Nxe5 b6 30. f4 Nb7 31. Qd7 Qxd7 32. Nxd7 Re8 33. Rc7 Nd8 34. Rc8 Rf5 35. Ne5 Rff8 36. Rd7 1-0

[Event "SixDays IM March 2024"]
[Site "Budapest"]
[Date "2024.03.31"]
[Round "3.5"]
[White "Mouhamad, Joachim"]
[Black "Krizsany, Laszlo"]
[Result "1-0"]
[ECO "B11"]
[WhiteElo "2278"]
[BlackElo "2341"]
[Annotator "ChessBase"]
[PlyCount "51"]
[EventDate "2024.03.26"]
[EventType "tourn"]
[EventCountry "HUN"]
[SourceTitle "playchess.com"]
[Source "ChessBase"]
[SourceQuality "1"]
[TimeControl "5400+30"]

1. e4 c6 2. Nf3 d5 3. Nc3 Bg4 4. h3 Bh5 5. exd5 cxd5 6. g4 Bg6 7. Ne5 Nc6 8. Bb5 Rc8 9. d4 e6 10. Qe2 Nge7 11. h4 a6 12. Nxc6 Nxc6 13. Bxc6+ Rxc6 14. h5 Be4 15. f3 Bb4 16. Kf1 Bxc3 17. bxc3 Rxc3 18. fxe4 dxe4 19. Qxe4 O-O 20. Bd2 Rc6 21. g5 f5 22. Qe5 Rxc2 23. h6 Qd7 24. Rh2 Rd8 25. g6 Qc8 26. Qxg7# 1-0

[Event "SixDays IM March 2024"]
[Site "Budapest"]
[Date "2024.04.01"]
[Round "4.2"]
[White "Miszler, Levente"]
[Black "Mouhamad, Joachim"]
[Result "0-1"]
[ECO "E06"]
[WhiteElo "2287"]
[BlackElo "2278"]
[Annotator "RC"]
[PlyCount "132"]
[EventDate "2024.03.26"]
[EventType "tourn"]
[EventCountry "HUN"]
[SourceTitle "playchess.com"]
[Source "ChessBase"]
[SourceQuality "1"]
[TimeControl "5400+30"]

1. d4 d5 2. c4 e6 3. Nf3 Nf6 4. g3 Be7 5. Bg2 O-O 6. O-O c6 7. Nc3 b6 8. Ne5 Nfd7 9. Nxd7 Nxd7 10. cxd5 cxd5 11. e4 Nf6 12. e5 Ne8 13. Be3 Bd7 14. Qe2 Nc7 15. Rfc1 a5 16. Rc2 b5 17. Rac1 Ra7 18. Nb1 b4 19. Bf1 Ba4 20. b3 Bd7 21. Qg4 Kh8 22. Bd3 a4 23. Nd2 Bb5 24. Qe2 axb3 25. Nxb3 Bxd3 26. Qxd3 Qb8 27. Bd2 Nb5 28. Nc5 Na3 29. Rb2 Nc4 30. Rxb4 Qa8 31. a4 Bxc5 32. dxc5 Rxa4 33. Rxa4 Qxa4 34. Qd4 Ra8 35. Bg5 Qa7 36. Rb1 h6 37. Bf4 Rc8 38. Ra1 Qxc5 39. Qxc5 Rxc5 40. h4 Rc7 41. Kg2 h5 42. Kf3 Rb7 43. Ra2 Rb3+ 44. Ke2 Kh7 45. Ra7 Kg6 46. Rd7 Rb2+ 47. Kf3 Rb1 48. Ke2 Ra1 49. Re7 Ra2+ 50. Kf3 Ra4 51. Rb7 Ra3+ 52. Ke2 Rc3 53. Rb4 Rc2+ 54. Kf3 Nb2 55. Be3 Nd3 56. Rb7 Nxe5+ 57. Kg2 Ng4 58. Bd4 e5 59. Rb2 Ne3+ 60. Kf3 exd4 61. Rb6+ Kf5 62. fxe3 Rc3 63. Rd6 Rxe3+ 64. Kf2 Re5 65. Rd7 Ke4 66. Rxf7 Rf5+ 0-1

[Event "SixDays IM March 2024"]
[Site "Budapest"]
[Date "2024.04.01"]
[Round "4.3"]
[White "Horvath, David"]
[Black "Toth-Goczo, Melinda"]
[Result "1/2-1/2"]
[ECO "B06"]
[WhiteElo "2330"]
[BlackElo "2189"]
[Annotator "RC"]
[PlyCount "29"]
[EventDate "2024.03.26"]
[EventType "tourn"]
[EventCountry "HUN"]
[SourceTitle "playchess.com"]
[Source "ChessBase"]
[SourceQuality "1"]
[TimeControl "5400+30"]

1. d4 g6 2. e4 Bg7 3. Nc3 d6 4. Be3 c6 5. a4 a5 6. Nf3 Nd7 7. Qd2 Qc7 8. Be2 Ngf6 9. h3 O-O 10. O-O e5 11. dxe5 dxe5 12. Rfd1 Re8 13. Bc4 Bf8 14. Ng5 Re7 15. Qe2 1/2-1/2

[Event "SixDays IM March 2024"]
[Site "Budapest"]
[Date "2024.04.01"]
[Round "4.4"]
[White "Radzimski, Antoni"]
[Black "Gu, Crystal Jiuzhou"]
[Result "1-0"]
[ECO "B10"]
[WhiteElo "2197"]
[BlackElo "2059"]
[Annotator "RC"]
[PlyCount "153"]
[EventDate "2024.03.26"]
[EventType "tourn"]
[EventCountry "HUN"]
[SourceTitle "playchess.com"]
[Source "ChessBase"]
[SourceQuality "1"]
[TimeControl "5400+30"]

1. e4 c6 2. Nf3 d5 3. exd5 cxd5 4. Ne5 Nf6 5. d4 Nc6 6. c3 Bf5 7. Bd3 Bxd3 8. Qxd3 e6 9. O-O Bd6 10. Bf4 O-O 11. Nd2 Qc7 12. Qe2 Nd7 13. Rae1 Rac8 14. Bg3 Ndxe5 15. dxe5 Bc5 16. Kh1 Ne7 17. f4 Nf5 18. Bf2 Bxf2 19. Qxf2 Qc6 20. Nb3 Rfd8 21. Rd1 Qb6 22. Nd4 Nxd4 23. Rxd4 Rc4 24. Rfd1 Rxd4 25. Rxd4 Rc8 26. h3 h6 27. Qe2 Rc4 28. Rxc4 dxc4 29. Qd2 Qc6 30. Kg1 Qe4 31. Kf2 b5 32. Kg3 Qb7 33. Qd4 a6 34. Kf2 Qc7 35. Kf3 Qb7+ 36. Qe4 Qd7 37. Qd4 Qb7+ 38. Kg3 Qc7 39. Kf3 Qb7+ 40. Kf2 Qc7 41. Qe4 Qc5+ 42. Kf1 Qc8 43. g4 Qd7 44. Ke2 Qd8 45. f5 Qd7 46. b3 cxb3 47. axb3 Qc8 48. Kd2 Qd8+ 49. Kc2 Qa5 50. Kb2 Qb6 51. Qf4 Qc6 52. h4 Qg2+ 53. Ka3 Qg1 54. fxe6 fxe6 55. Qe4 Qc5+ 56. Kb2 Qf2+ 57. Kc1 Qxh4 58. Qa8+ Kh7 59. Qe4+ Kg8 60. c4 bxc4 61. bxc4 Qg5+ 62. Kc2 Qd8 63. c5 Qc7 64. c6 Kf7 65. Qc4 Ke7 66. Qxa6 g6 67. Kd3 h5 68. gxh5 gxh5 69. Qa3+ Ke8 70. Qd6 Qh7+ 71. Kc3 Qh6 72. Qd7+ Kf8 73. Qd8+ Kf7 74. Qf6+ Qxf6 75. exf6 h4 76. c7 h3 77. c8=Q 1-0

[Event "SixDays IM March 2024"]
[Site "Budapest"]
[Date "2024.04.01"]
[Round "4.5"]
[White "Advaitt Srikant Koduri"]
[Black "Demeter, Dorina"]
[Result "0-1"]
[ECO "D38"]
[WhiteElo "2125"]
[BlackElo "2296"]
[Annotator "ChessBase"]
[PlyCount "84"]
[EventDate "2024.03.26"]
[EventType "tourn"]
[EventCountry "HUN"]
[SourceTitle "playchess.com"]
[Source "ChessBase"]
[SourceQuality "1"]
[TimeControl "5400+30"]

1. Nf3 d5 2. d4 Nf6 3. c4 e6 4. Nc3 Bb4 5. Qa4+ Nc6 6. Ne5 a5 7. Nxc6 bxc6 8. e3 Ne4 9. Qc2 O-O 10. Bd3 f5 11. O-O Ba6 12. Ne2 Be7 13. Rd1 Rf6 14. Bd2 Bd6 15. f4 Rh6 16. Be1 g5 17. c5 Bxd3 18. Qxd3 Be7 19. g3 Qe8 20. Nc3 gxf4 21. exf4 Bf6 22. Nxe4 fxe4 23. Qe2 Qg6 24. Bc3 Kh8 25. Rd2 Rg8 26. Qe3 Rh3 27. Rg2 h5 28. Qe2 Qf5 29. Rf1 Rg4 30. Qe3 h4 31. Kf2 hxg3+ 32. hxg3 Bh4 33. Rfg1 Rxf4+ 34. Ke2 Qh5+ 35. Kd2 Rf3 36. Qe2 Qg5+ 37. Kc2 Rhxg3 38. Bd2 Qf5 39. Rxg3 Bxg3 40. Kc1 e3 41. Bxe3 Rxe3 42. Qd2 Bf4 0-1

[Event "SixDays IM March 2024"]
[Site "Budapest"]
[Date "2024.04.01"]
[Round "5.1"]
[White "Demeter, Dorina"]
[Black "Hesham, Abdelrahman"]
[Result "0-1"]
[ECO "E68"]
[WhiteElo "2296"]
[BlackElo "2366"]
[Annotator "ChessBase"]
[PlyCount "96"]
[EventDate "2024.03.26"]
[EventType "tourn"]
[EventCountry "HUN"]
[SourceTitle "playchess.com"]
[Source "ChessBase"]
[SourceQuality "1"]
[TimeControl "5400+30"]

1. Nf3 Nf6 2. c4 g6 3. g3 Bg7 4. Bg2 O-O 5. O-O d6 6. Nc3 e5 7. d4 Nbd7 8. e4 Re8 9. h3 b6 10. Re1 exd4 11. Nxd4 Bb7 12. Nb3 Rb8 13. Qc2 Ne5 14. Nd2 Nfd7 15. f4 Nc6 16. Nf3 Nc5 17. Nd5 a5 18. Bd2 Nb4 19. Bxb4 axb4 20. e5 dxe5 21. Nxe5 Bxe5 22. fxe5 Bxd5 23. Bxd5 Qg5 24. Qf2 Nd3 25. Qe3 Qxe3+ 26. Rxe3 Nc5 27. Rf1 Re7 28. Rf6 Kg7 29. Ref3 Rf8 30. Rc6 Na6 31. Rcf6 Nb8 32. e6 c6 33. Be4 Rxe6 34. Rxe6 fxe6 35. Rb3 c5 36. Rd3 Kf6 37. a3 Ke7 38. axb4 cxb4 39. Rb3 Na6 40. Bc6 Kd6 41. Bb5 Nc5 42. Rxb4 Rf3 43. Kg2 Rd3 44. Be8 Kc7 45. Ba4 e5 46. Be8 e4 47. Bf7 Rd2+ 48. Kg1 e3 0-1

[Event "SixDays IM March 2024"]
[Site "Budapest"]
[Date "2024.04.01"]
[Round "5.2"]
[White "Gu, Crystal Jiuzhou"]
[Black "Advaitt Srikant Koduri"]
[Result "0-1"]
[ECO "B23"]
[WhiteElo "2059"]
[BlackElo "2125"]
[Annotator "NA RC"]
[PlyCount "72"]
[EventDate "2024.03.26"]
[EventType "tourn"]
[EventCountry "HUN"]
[SourceTitle "playchess.com"]
[Source "ChessBase"]
[SourceQuality "1"]
[TimeControl "5400+30"]

1. e4 c5 2. Nc3 d6 3. g3 Nc6 4. Nge2 g6 5. Bg2 Bg7 6. O-O e5 7. d3 Nge7 8. Be3 O-O 9. f4 Nd4 10. Qd2 Rb8 11. Nd1 Bg4 12. Nxd4 cxd4 13. Bf2 Rc8 14. c3 Qa5 15. Be1 exf4 16. Qxf4 Be2 17. Rf2 Bxd3 18. Qxd6 Nc6 19. Bd2 Qb6 20. Qf4 h6 21. Bf1 Bxf1 22. Kxf1 Ne5 23. Re2 f5 24. Kg2 Qb5 25. Qf1 fxe4 26. Rf2 Rxf2+ 27. Qxf2 e3 28. Nxe3 dxe3 29. Bxe3 Qc6+ 30. Kg1 Nf3+ 31. Kf1 Rf8 32. Bf4 g5 33. Kg2 Ne5+ 34. Kg1 gxf4 35. gxf4 Nf3+ 36. Kf1 Rxf4 0-1

[Event "SixDays IM March 2024"]
[Site "Budapest"]
[Date "2024.04.01"]
[Round "5.3"]
[White "Toth-Goczo, Melinda"]
[Black "Radzimski, Antoni"]
[Result "0-1"]
[ECO "E48"]
[WhiteElo "2189"]
[BlackElo "2197"]
[Annotator "ChessBase"]
[PlyCount "80"]
[EventDate "2024.03.26"]
[EventType "tourn"]
[EventCountry "HUN"]
[SourceTitle "playchess.com"]
[Source "ChessBase"]
[SourceQuality "1"]
[TimeControl "5400+30"]

1. d4 Nf6 2. c4 e6 3. Nc3 Bb4 4. e3 O-O 5. Bd3 d5 6. cxd5 exd5 7. Nge2 b6 8. O-O Bb7 9. a3 Bd6 10. Ng3 c5 11. Nf5 Nc6 12. dxc5 bxc5 13. e4 d4 14. Nxd6 Qxd6 15. Nb5 Qe7 16. a4 Ne5 17. f3 c4 18. Bxc4 Nxc4 19. Qxd4 Ne5 20. Bf4 Nc6 21. Qf2 Rfd8 22. Rfd1 Rxd1+ 23. Rxd1 Rd8 24. Rc1 a6 25. Qb6 axb5 26. Bc7 Rc8 27. Qxb7 Rxc7 28. Qb6 bxa4 29. Rxc6 Rxc6 30. Qxc6 h6 31. h4 Qd7 32. Qc2 Qd4+ 33. Kh2 Qd6+ 34. Kg1 Qd4+ 35. Kh2 Nd7 36. Qc8+ Kh7 37. f4 Nf6 38. e5 Qxf4+ 39. g3 Qxe5 40. Qc2+ Ne4 0-1